 Dungeon Crawl Stone Soup version 0.30-a0-718-geaa24f58ff (webtiles) character file.

Game seed: 17434652282658108155

28 hikkokomori the Trooper (level 3, 0/20 HPs)
             Began as a Vine Stalker Fighter on Jan 26, 2023.
             Succumbed to an adder's poison
             ... on level 2 of the Dungeon.
             The game lasted 00:00:59 (679 turns).

hikkokomori the Trooper (Vine Stalker Fighter)       Turns: 679, Time: 00:00:59

Health: 0/20       AC:  6    Str: 20    XL:     3   Next: 14%
Magic:  4/4        EV:  9    Int:  8    God:
Gold:   107        SH:  4    Dex: 13    Spells: 2/2 levels left

rFire   . . .      SeeInvis .    g - +0 dagger (elec)
rCold   . . .      Faith    .    c - +0 buckler
rNeg    . . .      Spirit   +    b - +0 scale mail
rPois   .          Reflect  .    (no helmet)
rElec   .          Harm     .    (no cloak)
rCorr   .          Rampage  .    (no gloves)
Will    .....                    (no boots) Stlth
                                 (no amulet)
HPRegen 0.23/turn                (no ring)
MPRegen 0.09/turn                (no ring)

@: lethally poisoned (0 -> -1), attractive
A: fangs 2, magic shield, antimagic bite, no potion heal 2
a: no special abilities


You were on level 2 of the Dungeon.
You visited 1 branch of the dungeon, and saw 2 of its levels.

You collected 107 gold pieces.

Inventory:

Hand Weapons
 a - a +0 flail
 g - a +0 dagger of electrocution (weapon)
Armour
 b - a +0 scale mail (worn)
 c - a +0 buckler (worn)
Scrolls
 f - a scroll of vulnerability {unknown}
 h - a scroll of teleportation {unknown}
 k - a scroll of immolation {unknown}
 l - a scroll of poison {unknown}
Potions
 d - a potion of might
 e - a potion of heal wounds


   Skills:
 + Level 3.0 Fighting
 + Level 2.2 Maces & Flails
 - Level 2.5 Armour
 + Level 1.1 Stealth
 + Level 3.0 Shields


You had 2 spell levels left.
You didn't know any spells.
Your spell library contained the following spells:

 Spells                   Type           Power      Damage    Failure   Level
 Slow                     Hex            0%         N/A       86%         1
 Confusing Touch          Hex            0%         N/A       99%         3
 Vampiric Draining        Necr           0%         2d6       99%         3


Dungeon Overview and Level Annotations

Branches:
Dungeon (2/15)

Altars:
Makhleb


Innate Abilities, Weirdness & Mutations

You have extremely sharp teeth.
When hurt, damage is shared between your health and your magic reserves.
Your bite disrupts and absorbs the magic of your enemies.
Potions cannot restore your health.


Message History

You closely miss the adder.
The adder is lightly wounded.
You feel sick. The adder bites you but does no damage.
You hit the adder.
The adder is moderately wounded.
You feel sick. The adder bites you but does no damage. The adder bites you.
You are more poisoned.
The adder poisons you!
You are too injured to fight recklessly!
You are too injured to fight recklessly!
You are too injured to fight recklessly!
You are too injured to fight recklessly!
You are too injured to fight recklessly!
You are too injured to fight recklessly!
You are too injured to fight recklessly!
You are too injured to fight recklessly!
You are too injured to fight recklessly!
You are too injured to fight recklessly!
You are too injured to fight recklessly!
You are too injured to fight recklessly!
You are too injured to fight recklessly!
You are too injured to fight recklessly!
You are too injured to fight recklessly!
It was a potion of heal wounds.
That seemed strangely inert.
You feel sick. The adder misses you.
You barely miss the adder.
The adder is moderately wounded.
You feel sick. The adder bites you.
* * * LOW HITPOINT WARNING * * *
You barely miss the adder.
The adder is moderately wounded.
You feel sick. The adder bites you.
* * * LOW HITPOINT WARNING * * *
The adder barely misses you.
It was a potion of magic.
Magic courses through your body.
* * * LOW HITPOINT WARNING * * *
You feel sick. The adder bites you but does no damage.
It was a potion of attraction.
You feel attractive to monsters.
You die...

######### .....
####........ .._...
.##..####### #......
....## ##.......
#..##### #.[......
...>...#########......#
######.........#......#
#########..S.....#
###@.....# #......#
#).....# #......#
#......# #......#
########


You could see an adder.

Vanquished Creatures
  An adder (D:2)
  A ball python (D:1)
  3 endoplasms
  A goblin (D:1)
  3 hobgoblins (D:1)
  2 quokkas
  2 bats (D:1)
  3 frilled lizards (D:1)
  A kobold (D:2)
  2 rats
19 creatures vanquished.

Notes
Turn   | Place    | Note
-------+----------+-------------------------------------------
     0 | D:1      | hikkokomori the Vine Stalker Fighter began the quest for
                  | the Orb.
     0 | D:1      | Reached XP level 1. HP: 11/11 MP: 2/2
   228 | D:1      | Reached XP level 2. HP: 13/16 MP: 1/3
   287 | D:1      | Found a faded altar of an unknown god.
   496 | D:2      | Reached skill level 1 in Stealth
   496 | D:2      | Reached XP level 3. HP: 20/20 MP: 4/4
   657 | D:2      | Found a burning altar of Makhleb.
   678 | D:2      | HP: 1/20 [poisoned by an adder]
   679 | D:2      | Succumbed to an adder's poison

Illustrated notes

Levels and vault maps discovered:
D:1:      minmay_arrival_loop, layout_rooms,
          hellmonk_ecumenical_altar_heavens_door
D:2:      layout_rooms, basic_altar, kennysheep_generic_room_13

Skill      XL: |  1  2 |
---------------+-------+-----
Maces & Flails | 2 |  2.2
Fighting       | 3 |  3.0
Stealth        | 1 |  1.1
Shields        | 3 |  3.0
Armour         | |  2.5

Action                     || total
---------------------------++-------
  Melee: Flail             ||    10
         Dagger            ||    55
         Bite              ||     9
    Use: Potion            ||     3
 Armour: Scale mail        ||    24
  Dodge: Dodged            ||    36
  Block: Buckler           ||    11

Table legend: (Time is in decaauts)
 A = Elapsed time spent in this place.
 B = Non-inter-level travel time spent in this place.
 C = Inter-level travel time spent in this place.
 D = Time resting spent in this place.
 E = Time spent auto-exploring this place.
 F = Levels seen in this place.
 G = Mean time per level.
                   A        B        C        D        E       F      G
               +--------+--------+--------+--------+--------+-----+--------+
         Total |    684 |    660 |     24 |      0 |    519 |   2 |  342.0 |
       Dungeon |    684 |    660 |     24 |      0 |    519 |   2 |  342.0 |
               +--------+--------+--------+--------+--------+-----+--------+

Top non-repeatable levels by time:
     D:1: 492 daAuts
     D:2: 192 daAuts
